 Dungeon Crawl Stone Soup version 0.28-a0-1130-gc51a68064b (webtiles) character file.

Game seed: 6547778855508958977

64 ducksouse the Covered (level 3, -3/33 HPs)
             Began as a Minotaur Fighter on Dec 12, 2021.
             Slain by Sigmund (6 damage)
             ... on level 2 of the Dungeon.
             The game lasted 00:01:39 (1730 turns).

ducksouse the Covered (Minotaur Fighter)            Turns: 1730, Time: 00:01:39

Health: -3/33      AC:  7    Str: 22    XL:     3   Next: 91%
Magic:  2/2        EV:  9    Int:  5    God:
Gold:   47         SH:  4    Dex:  9    Spells: 2/2 levels left

rFire   . . .      SeeInvis .   a - +0 long sword
rCold   . . .      Faith    .   c - +0 buckler
rNeg    . . .      Spirit   .   b - +0 scale mail
rPois   .          Reflect  .   (helmet restricted)
rElec   .          Harm     .   (no cloak)
rCorr   .          Rampage  .   (no gloves)
Will    .....                   (no boots)
Stlth   ..........              (no amulet)
HPRegen 0.11/turn               (no ring)
MPRegen 0.08/turn               (no ring)

@: mighty
A: horns 2, retaliatory headbutt
a: no special abilities


You were on level 2 of the Dungeon.
You visited 1 branch of the dungeon, and saw 2 of its levels.

You collected 47 gold pieces.

Inventory:

Hand Weapons
 a - a +0 long sword (weapon)
Armour
 b - a +0 scale mail (worn)
 c - a +0 buckler (worn)
Scrolls
 f - a scroll of enchant weapon {unknown}
 g - a scroll of teleportation {unknown}
 h - 2 scrolls of identify {unknown}
 i - a scroll of fear {unknown}
Potions
 e - 2 potions of curing {unknown}
 j - a potion of attraction {unknown}


   Skills:
 + Level 4.2 Fighting
 + Level 3.2 Long Blades
 + Level 4.3 Armour
 + Level 4.3 Shields


You had 2 spell levels left.
You didn't know any spells.
Your spell library was empty.

Dungeon Overview and Level Annotations

Branches:
Dungeon (2/15)

Altars:

Shops:
D:1 *

Annotations:
D:2 Sigmund


Innate Abilities, Weirdness & Mutations

You have a pair of horns on your head.
You reflexively headbutt those who attack you in melee.


Message History

Things that are here:
a +0 dagger; 2 stones
j - a fizzy coppery potion No target in view!
No target in view!
No target in view!
There is a stone staircase leading up here.
Found a stone staircase leading down.
Sigmund the Dreaded comes into view.
He is wielding a +2 vampiric scythe and wearing a +0 robe of cold resistance.
Sigmund shouts!
You feel very mighty all of a sudden. You block Sigmund's attack.
You closely miss Sigmund. You headbutt Sigmund!
Sigmund is heavily wounded.
Sigmund casts a spell.
Sigmund flickers and vanishes!
Deactivating autopickup; reactivate with Ctrl-A.
You hear some strange, mumbled words.
You are confused.
You barely miss something.
You hear some strange, mumbled words.
You are more confused.
Unknown command.
You closely miss something. Something hits you!
You're too confused to move!
You hear some strange, mumbled words.
A puff of flame appears from out of thin air!
The puff of flame misses you.
You bump into the rock wall.
Something hits you.
You're too confused to move!
You bump into the rock wall.
Something hits you!
You barely miss something. You headbutt something! Something hits you.
You closely miss something. Your headbutt misses something. Something hits you.
* * * LOW HITPOINT WARNING * * *
You're too confused to move!
You feel less confused.
You miss something. Something hits you.
* * * LOW HITPOINT WARNING * * *
You miss something. Something hits you.
You die...

#.# ###.### #.#
#..# #.# ##.# #.#
#.# .# #.# # #.#
... #.#
.....###########.#
......{@.........#
.....#############
... #


There were no monsters in sight!

Vanquished Creatures
  An adder (D:2)
  A worm (D:2)
  3 dart slugs (D:2)
  4 ball pythons (D:1)
  2 bats (D:1)
  6 endoplasms
  2 giant cockroaches (D:2)
  2 hobgoblins (D:1)
  2 kobolds
  3 quokkas
  4 frilled lizards
  8 goblins
  5 rats
43 creatures vanquished.

Notes
Turn   | Place    | Note
-------+----------+-------------------------------------------
     0 | D:1      | ducksouse the Minotaur Fighter began the quest for the Orb.
     0 | D:1      | Reached XP level 1. HP: 19/19 MP: 0/0
   167 | D:1      | Found Cihivuf's General Store.
   175 | D:1      | Reached XP level 2. HP: 27/27 MP: 1/1
   887 | D:1      | Reached XP level 3. HP: 24/33 MP: 2/2
  1714 | D:2      | Noticed Sigmund
  1730 | D:2      | Slain by Sigmund

Illustrated notes

Levels and vault maps discovered:
D:1:      lightli_arrival_chessboard, layout_basic, serial_shops, shop
D:2:      layout_loops_ring, shapermc_ecumenical_altar_gd, uniq_sigmund

Skill      XL: |  1  2  3 |
---------------+----------+-----
Fighting       | 4 |  4.2
Armour         | 4 |  4.3
Shields        | 4 |  4.3
Long Blades    | 3 |  3.2

Action                   || total
-------------------------++-------
Melee: Long sword        ||    99
       Headbutt          ||    15
  Use: Potion            ||     1
Armor: Scale mail        ||    42
Dodge: Dodged            ||    43
Block: Buckler           ||    19

Table legend: (Time is in decaauts)
 A = Elapsed time spent in this place.
 B = Non-inter-level travel time spent in this place.
 C = Inter-level travel time spent in this place.
 D = Time resting spent in this place.
 E = Time spent auto-exploring this place.
 F = Levels seen in this place.
 G = Mean time per level.
                   A        B        C        D        E       F      G
               +--------+--------+--------+--------+--------+-----+--------+
         Total |   1755 |   1677 |     78 |      0 |   1422 |   2 |  877.5 |
       Dungeon |   1755 |   1677 |     78 |      0 |   1422 |   2 |  877.5 |
               +--------+--------+--------+--------+--------+-----+--------+

Top non-repeatable levels by time:
     D:1: 1170 daAuts
     D:2: 584 daAuts
